 Dungeon Crawl Stone Soup version 0.22-a0-858-g985ef60 (webtiles) character file.

11256 nono the Fighter (level 11, -13/93 HPs)
             Began as a Barachi Fighter on July 27, 2018.
             Was an Elder of the Shining One.
             Killed from afar by a wizard (32 damage)
             ... with a crystal spear
             ... on level 11 of the Dungeon.
             The game lasted 00:43:22 (9935 turns).

nono the Fighter (Barachi Fighter)                  Turns: 9935, Time: 00:43:23

Health: -13/93     AC: 21    Str: 23    XL:     11   Next: 74%
Magic:  20/20      EV:  7    Int:  9    God:    the Shining One [****..]
Gold:   597        SH: 12    Dex: 11    Spells: 10/10 levels left

rFire    . . .     SeeInvis .   g - +4 whip
rCold    . . .     Gourm    .   c - +0 shield
rNeg     + + .     Faith    .   G - +0 chain mail
rPois    +         Spirit   .   s - +0 helmet
rElec    .         Reflect  .   (no cloak)
rCorr    .         Harm     .   (no gloves)
MR       +....     Rnd*Tele +   q - +2 pair of boots {Fly}
Stlth    ..........             I - amulet of the acrobat
HPRegen  0.25/turn              F - ring of Xom's Entertainment {*Tele rPois MR+ MP+9 Str+2}
MPRegen  0.17/turn              L - +4 ring of protection

@: flying, glowing, slow
A: +LOS, swims, slowness 1, strong legs 1
a: Hop, Divine Shield, Cleansing Flame, Renounce Religion, Stop Flying


You were on level 11 of the Dungeon.
You worshipped the Shining One.
The Shining One was greatly pleased with you.
You were hungry.

You visited 1 branch of the dungeon, and saw 11 of its levels.

You collected 844 gold pieces.
You spent 247 gold pieces at shops.

Inventory:

Hand Weapons
 a - a +0 long sword
 g - a +4 whip (weapon)
 j - a +0 short sword of speed
 w - a +0 dagger of electrocution
Missiles
 p - 6 throwing nets (quivered)
Armour
 c - a +0 shield (worn)
 q - a +2 pair of boots of flying (worn)
 s - a +0 helmet (worn)
 G - a +0 chain mail (worn)
Jewellery
 b - an uncursed ring of protection from fire
 x - an uncursed ring of resist corrosion
 z - an uncursed ring of fire {unknown}
 F - the ring of Xom's Entertainment (left hand) {*Tele rPois MR+ MP+9 Str+2}
   (You found it on level 9 of the Dungeon)

   [ring of teleportation]

   It may teleport you next to monsters.
   It affects your strength (+2).
   It protects you from poison.
   It affects your resistance to hostile enchantments.
   It affects your magic capacity (+9).
 I - an amulet of the acrobat (around neck)
 K - a +4 ring of evasion
 L - a +4 ring of protection (right hand)
 O - an uncursed ring of magical power {unknown}
 Q - an uncursed ring of wizardry {unknown}
Wands
 C - a wand of paralysis (16)
 D - a wand of flame (25)
 H - a wand of digging (25)
Scrolls
 e - 2 scrolls of teleportation
 h - 5 scrolls of remove curse
 i - 2 scrolls of immolation {unknown}
 n - 2 scrolls of fear {unknown}
 t - 3 scrolls of amnesia {unknown}
 u - a scroll of enchant weapon {unknown}
 y - 2 scrolls of magic mapping {unknown}
 E - a scroll of enchant armour {unknown}
 J - a scroll of summoning {unknown}
Potions
 d - 3 potions of invisibility {unknown}
 k - 2 potions of agility
 l - 4 potions of curing
 m - a potion of resistance
 o - 2 potions of lignification
 r - 2 potions of degeneration {unknown}
 v - 2 potions of berserk rage {unknown}
 A - 2 potions of haste
 B - 2 potions of brilliance
 N - a potion of ambrosia {unknown}
 P - a potion of cancellation {unknown}
Comestibles
 f - 26 rations


   Skills:
 + Level 11.4 Fighting
 - Level 2.7 Long Blades
 + Level 9.9 Maces & Flails
 + Level 11.4 Armour
 + Level 10.5 Shields


You had 10 spell levels left.
You didn't know any spells.
Your spell library contained the following spells:

 Spells                   Type           Power        Failure   Level  Hunger
 Confuse                  Hex            #.......     100%        3    ####...
 Tukima's Dance           Hex            #.......     100%        3    ####...
 Confusing Touch          Hex            #.....       98%         1    ##.....
 Ensorcelled Hibernation  Hex/Ice        #.....       99%         2    ###....
 Metabolic Englaciation   Hex/Ice        #.........   100%        5    ######.
 Corona                   Hex            #......      98%         1    ##.....
 Petrify                  Tmut/Erth      #.......     100%        4    #####..
 Dazzling Spray           Conj/Hex       #.....       100%        3    ####...
 Gell's Gravitas          Tloc           #.........   100%        3    ####...
 Yara's Violent Unravell  Hex/Tmut       #.........   100%        5    ######.


Dungeon Overview and Level Annotations

Branches:
Dungeon (11/15)            Temple (0/1) D:6             Orc (0/2) D:9
   Lair: D:8-11

Altars:
Cheibriados
Dithmenos
Gozag
Kikubaaqudgha
Makhleb
Ru
Sif Muna
Yredelemnul
Zin
The Shining One

Shops:
D:4 *   D:5 [   D:6 *


Innate Abilities, Weirdness & Mutations

Shadows flee at your approach. (+LOS)
You can swim through water.
You cover ground slowly.
You can hop short distances.


Message History

You hit the wizard but do no damage.
The wizard is severely wounded.
The wizard gestures at you while chanting.
The bolt of cold hits you!
* * * LOW HITPOINT WARNING * * *
You barely miss the wizard.
The wizard is severely wounded.
You hit the wizard.
The wizard is severely wounded.
The wizard closely misses you.
You hit the wizard.
The wizard is severely wounded.
The wizard casts a spell at you. The crystal spear hits you!
The Shining One protects you from harm!
You whack the wizard!
The wizard is almost dead.
The wizard gestures at you while chanting.
The crystal spear hits you!
You die...

###### #....# #....+ #....#
#p...# ####@...# #..'....#
#..#....# #..#....#
#..############# ##
#####..............# #.
#...(...(..........# #.
########...((..(..........# #.
#............()...........#####.


You could see a wizard.

Vanquished Creatures
  Erica (D:10)
  A two-headed ogre (D:7)
  The ghost of HydraWiggins the Slicer, a novice CeAE of Sif Muna (D:9)
  2 ugly things
  A cyclops (D:11)
  2 gargoyles (D:11)
  A tengu conjurer (D:10)
  2 trolls
  3 hippogriffs
  Sigmund (D:5)
  6 yaks
  A hungry ghost (D:10)
  A steam dragon (D:7)
  A porcupine (D:10)
  2 phantoms (D:4)
  2 sky beasts
  An ice beast (D:5)
  5 ogres
  8 centaurs
  A crocodile (D:8)
  2 big kobolds
  6 bullfrogs
  A wyvern skeleton (D:6)
  A water moccasin zombie (D:8)
  3 scorpions
  9 killer bees
  5 wights (D:6)
  3 howler monkeys
  A bullfrog zombie (D:7)
  A centaur zombie (D:6)
  A crimson imp (D:6)
  A quasit (D:10)
  A gnoll shaman (D:6)
  2 centaur skeletons
  A jelly (D:10)
  4 orc priests
  5 hounds
  6 orc wizards
  An iguana (D:11)
  Natasha (twice) (D:3 D:2)
  9 worker ants
  A killer bee zombie (D:7)
  A hound zombie (D:5)
  A howler monkey zombie (D:6)
  A worker ant zombie (D:9)
  12 gnolls
  14 adders
  4 shadow imps
  An ooze (D:1)
  3 adder skeletons
  An adder zombie (D:7)
  A worm (D:2)
  2 dart slugs
  6 leopard geckos
  31 orcs
  5 bats
  3 giant cockroaches
  17 goblins
  10 hobgoblins
  14 jackals
  4 quokkas
  8 frilled lizards
  A jackal skeleton (D:5)
  27 kobolds
  10 rats
286 creatures vanquished.

Vanquished Creatures (others)
  The ghost of TheNamelessOne the Destroyer, a novice DrCj of Vehumet (D:9)
  2 fungi (D:11)
3 creatures vanquished.

Grand Total: 289 creatures vanquished

Notes
Turn   | Place    | Note
-------+----------+-------------------------------------------
     0 | D:1      | nono the Barachi Fighter began the quest for the Orb.
     0 | D:1      | Reached XP level 1. HP: 18/18 MP: 1/1
   102 | D:1      | Reached XP level 2. HP: 13/25 MP: 2/2
   319 | D:1      | Reached XP level 3. HP: 25/30 MP: 3/3
   593 | D:2      | Reached skill level 1 in Maces & Flails
   685 | D:2      | Reached XP level 4. HP: 32/37 MP: 4/4
   980 | D:2      | Found a shadowy altar of Dithmenos.
  1309 | D:3      | Reached XP level 5. HP: 18/43 MP: 5/5
  1346 | D:3      | Found a glowing golden altar of the Shining One.
  1361 | D:3      | Became a worshipper of the Shining One
  1474 | D:3      | Noticed Natasha
  1484 | D:3      | Killed Natasha
  1491 | D:3      | Noticed Natasha
  1665 | D:2      | Killed Natasha
  1893 | D:3      | Reached skill level 5 in Fighting
  1942 | D:3      | Found a glowing silver altar of Zin.
  2004 | D:4      | Reached skill level 5 in Armour
  2193 | D:4      | Noticed a phantom
  2196 | D:4      | Reached XP level 6. HP: 51/51 MP: 6/6
  2240 | D:4      | Killed a phantom
  2293 | D:4      | Found Kausomi's Assorted Antiques.
  2303 | D:4      | Bought a pair of runed boots for 195 gold pieces
  2303 | D:4      | Bought a scroll labeled TOLAMI SOYHURPH for 26 gold pieces
  2303 | D:4      | Bought a scroll labeled JISTRU JENGA for 26 gold pieces
  2401 | D:4      | Found a snail-covered altar of Cheibriados.
  2401 | D:4      | Reached * piety under the Shining One
  2446 | D:4      | Reached skill level 5 in Shields
  2446 | D:4      | Reached XP level 7. HP: 54/56 MP: 7/7
  2840 | D:5      | Entered Level 5 of the Dungeon
  2867 | D:5      | Found Luulah's Armour Boutique.
  2984 | D:5      | Found a basalt altar of Yredelemnul.
  2984 | D:5      | Found a sacrificial altar of Ru.
  3273 | D:5      | Found a deep blue altar of Sif Muna.
  3306 | D:5      | Noticed Sigmund
  3322 | D:5      | Killed Sigmund
  3322 | D:5      | Reached XP level 8. HP: 53/65 MP: 8/8
  3716 | D:6      | Found Danachy's Desiderata Depot.
  3764 | D:6      | Reached ** piety under the Shining One
  3764 | D:6      | Reached skill level 5 in Maces & Flails
  4211 | D:6      | Reached XP level 9. HP: 14/72 MP: 9/9
  4217 | D:6      | HP: 3/72 [orc/mace (6)]
  4855 | D:6      | Found a staircase to the Ecumenical Temple.
  5014 | D:7      | Found an ancient bone altar of Kikubaaqudgha.
  5172 | D:7      | Found an opulent altar of Gozag.
  6086 | D:8      | Noticed a two-headed ogre
  6091 | D:8      | Reached *** piety under the Shining One
  6113 | D:7      | Killed a two-headed ogre
  6113 | D:7      | Reached XP level 10. HP: 20/83 MP: 10/10
  6512 | D:8      | Got a heavily jewelled robe
  6531 | D:8      | Identified the cursed +0 robe of Liberty {rPois SInv} (You found it on level 8 of the Dungeon)
  6589 | D:8      | Found a burning altar of Makhleb.
  6938 | D:10     | Entered Level 10 of the Dungeon
  7166 | D:9      | Found a staircase to the Orcish Mines.
  7173 | D:9      | Noticed a red ugly thing
  7207 | D:9      | Killed a red ugly thing
  7553 | D:9      | Got a twitching brass ring
  7555 | D:9      | Identified the ring of Xom's Entertainment {*Tele rPois MR+ MP+9 Str+2} (You found it on level 9 of the Dungeon)
  7683 | D:9      | Reached skill level 10 in Fighting
  7789 | D:9      | Found a runed gate.
  7789 | D:9      | Found a runed gate.
  7792 | D:9      | Found a runed gate.
  7793 | D:9      | Noticed TheNamelessOne's ghost (novice DrCj)
  7795 | D:9      | Noticed HydraWiggins's ghost (novice CeAE)
  7818 | D:9      | Killed TheNamelessOne's ghost
  7818 | D:9      | Reached skill level 10 in Armour
  7836 | D:9      | Killed HydraWiggins's ghost
  7964 | D:10     | Reached XP level 11. HP: 70/92 MP: 11/11
  8006 | D:10     | Reached **** piety under the Shining One
  8117 | D:10     | Noticed Erica
  8144 | D:10     | Killed Erica
  8428 | D:10     | Reached skill level 10 in Shields
  8787 | D:11     | Noticed a brown ugly thing
  8789 | D:11     | Noticed a cyclops
  8802 | D:10     | Killed a brown ugly thing
  8830 | D:11     | Killed a cyclops
  8921 | D:10     | HP: 4/93 [porcupine (8)]
  9923 | D:11     | Noticed a wizard
  9934 | D:11     | The Shining One protects you from harm!
  9935 | D:11     | Killed from afar by a wizard

Vault maps used:
D:1:      minmay_arrival_solitary_statue, minmay_liquid_box,
          serial_bayou_pond_d, minmay_tetromino_t2
D:2:      grunt_dithmenos_smoke, minmay_hedge_maze, st_stairs_8
D:3:      nicolae_tso_swordbearing_angel, zin_academy, first_ration,
          uniq_natasha
D:4:      corexii_shantytown, kennysheep_slug_shrine, serial_shops,
          nicolae_shop_waterfront
D:5:      kennysheep_mini, grunt_temple_overflow_open, serial_shops,
          kennysheep_little_box, uniq_sigmund
D:6:      minmay_temple_entry_enclosed_plants, nicolae_alphabet_shops
D:7:      nicolae_gozag_seed_capital, nicolae_overflow_crystal_walls
D:8:      bloody_makhleb
D:9:      orc_0_dummy, gammafunk_ghost_cemetery
D:10:     grunt_tengu_nest, uniq_erica
D:11:     kennysheep_windowed_halls, grunt_lair_entry_orc_guard_hut,
          enter_bailey_3, laboratory, uniq_josephine, uniq_maurice

Skill      XL: |  1  2  3  4  5  6  7  8  9 10 11 |
---------------+----------------------------------+-----
Fighting       | 4 5 6 7 9 10 11 | 11.4
Armour         | 4 5 6 7 9 10 11 | 11.4
Maces & Flails | 1 2 3 4 5 7 8 9 |  9.9
Shields        | 4 5 6 8 9 10 | 10.5
Long Blades    | |  2.7

Action                   |  1- 3 |  4- 6 |  7- 9 | 10-12 || total
-------------------------+-------+-------+-------+-------++-------
Melee: Long sword        |    37 |       |       |       ||    37
       Whip              |    66 |   222 |   451 |   593 ||  1332
       Unarmed           |       |     8 |       |       ||     8
Invok: Divine Shield     |       |       |       |     1 ||     1
 Abil: Hop               |       |       |     1 |       ||     1
Evoke: Wand              |       |       |       |     1 ||     1
  Use: Scroll            |       |       |     2 |     9 ||    11
       Potion            |       |       |     2 |     4 ||     6
  Eat: Chunk             |       |     6 |    10 |    16 ||    32
       Ration            |       |       |     1 |       ||     1
Armor: Scale mail        |    28 |    85 |       |       ||   113
       Chain mail        |       |    31 |   163 |   233 ||   427
       Skin              |       |     2 |       |       ||     2
Dodge: Dodged            |    35 |    54 |    89 |   120 ||   298
Block: Shield            |    43 |   111 |   226 |   295 ||   675
       Rpst.: Long sword |     4 |       |       |       ||     4

Table legend:
 A = Spawn XP
 B = Non-spawn XP
 C = Spawn XP percentage of total XP
 D = Spawn monster count
 E = Non-spawn monster count
 F = Spawn count percentage of total count
 G = Total turns spent on level
                    A         B        C        D         E        F      G
               +---------+---------+-------+---------+---------+-------+---------
         Total |       0 |   16081 |   0.0 |       0 |     287 |   0.0 |  9935
               +---------+---------+-------+---------+---------+-------+---------
           D:1 |       0 |      50 |   0.0 |       0 |      19 |   0.0 |   589
           D:2 |       0 |     102 |   0.0 |       0 |      19 |   0.0 |   759
           D:3 |       0 |     155 |   0.0 |       0 |      33 |   0.0 |   648
           D:4 |       0 |     553 |   0.0 |       0 |      45 |   0.0 |   844
           D:5 |       0 |     536 |   0.0 |       0 |      16 |   0.0 |  1272
           D:6 |       0 |    1081 |   0.0 |       0 |      28 |   0.0 |   868
           D:7 |       0 |    2238 |   0.0 |       0 |      32 |   0.0 |  1338
           D:8 |       0 |    1016 |   0.0 |       0 |      18 |   0.0 |   537
           D:9 |       0 |    3227 |   0.0 |       0 |      22 |   0.0 |  1031
          D:10 |       0 |    4046 |   0.0 |       0 |      40 |   0.0 |  1414
          D:11 |       0 |    3077 |   0.0 |       0 |      15 |   0.0 |   635
               +---------+---------+-------+---------+---------+-------+---------
